 Dungeon Crawl Stone Soup version 0.24-a0-515-gbe7f5e2e8d (webtiles) character file.

Game seed: 13752568517321695768

38422 soiiure the Executioner (level 13, -3/125 HPs)
             Began as a Minotaur Berserker on July 21, 2019.
             Was a Priest of Trog.
             Slain by Pozxeom's ghost (6 damage)
             ... on level 1 of the Lair of Beasts.
             The game lasted 01:43:44 (21209 turns).

soiiure the Executioner (Minotaur Berserker)       Turns: 21209, Time: 01:43:44

Health: -3/125     AC: 13    Str: 23    XL:     13   Next: 63%
Magic:  4/4        EV: 13    Int:  4    God:    Trog [***...]
Gold:   979        SH:  0    Dex: 18    Spells: 12/12 levels left

rFire    . . .     SeeInvis .   Z - +3 battleaxe (antimagic)
rCold    . . .     Gourm    .   (shield currently unavailable)
rNeg     . . .     Faith    .   b - +0 plate armour
rPois    .         Spirit   .   (helmet restricted)
rElec    .         Reflect  .   (no cloak)
rCorr    .         Harm     .   (no gloves)
MR       ++...                  U - +0 pair of boots
Stlth    ..........             (no amulet)
HPRegen  1.30/turn              v - +4 ring of dexterity
MPRegen  0.09/turn              i - +4 ring of evasion

@: berserk cooldown, regenerating, slowed, very slow
A: retaliatory headbutt, horns 2
a: Berserk, Trog's Hand, Renounce Religion


You were on level 1 of the Lair of Beasts.
You worshipped Trog.
Trog was most pleased with you.
You were not hungry.

You visited 3 branches of the dungeon, and saw 16 of its levels.

You collected 1672 gold pieces.
You spent 693 gold pieces at shops.

Inventory:

Hand Weapons
 H - the +5 hand axe of Trog's Outrage {drain, rElec Str+6 SInv Stlth-}
   (Trog gifted it to you on level 8 of the Dungeon)

   A truly terrible weapon, it drains the life of those it strikes.
   It affects your strength (+6).
   It insulates you from electricity.
   It lets you see invisible.
   It makes you less stealthy.
 Q - a +0 morningstar of draining
 Z - a +3 antimagic battleaxe (weapon)
Missiles
 a - 5 silver javelins
 e - 274 stones
 D - 3 throwing nets
 K - 6 silver boomerangs (quivered)
Armour
 b - a +0 plate armour (worn)
 G - a +1 ring mail of magic resistance
 U - a +0 pair of boots (worn)
Jewellery
 i - a +4 ring of evasion (right hand)
 p - a +3 ring of evasion
 v - a +4 ring of dexterity (left hand)
 L - an uncursed ring of protection from fire
Wands
 r - a wand of enslavement (10)
 t - a wand of scattershot (5)
 A - a wand of iceblast (15)
 B - a wand of polymorph (8)
 C - a wand of paralysis (15)
 E - a wand of flame (30)
 F - a wand of digging (7)
 M - a wand of clouds (5)
Scrolls
 g - 5 scrolls of enchant weapon
 h - 14 scrolls of teleportation
 k - a scroll of identify
 l - 2 scrolls of immolation
 m - 11 scrolls of remove curse
 n - 5 scrolls of enchant armour
 w - a scroll of silence
 y - 4 scrolls of random uselessness
 O - a scroll of fog {unknown}
 R - a scroll of noise {unknown}
 W - a scroll of summoning {unknown}
 Y - a scroll of magic mapping {unknown}
Potions
 f - 2 potions of brilliance
 o - a potion of agility
 q - a potion of curing
 u - 3 potions of flight
 x - 2 potions of lignification
 z - a potion of mutation {unknown}
 I - a potion of might {unknown}
 J - a potion of resistance {unknown}
Miscellaneous
 N - a phial of floods
 P - a crystal ball of energy
 V - a fan of gales
Comestibles
 c - 21 rations


   Skills:
 + Level 14.7 Fighting
 * Level 21.0 Axes
 - Level 0.9 Throwing
 + Level 4.9 Armour
 - Level 5.2 Dodging
 - Level 0.1 Stealth


You had 12 spell levels left.
You didn't know any spells.
Your spell library was empty.

Dungeon Overview and Level Annotations

Branches:
Dungeon (11/15)            Temple (0/1) D:4            Lair (3/6) D:8
 Spider (0/4) Lair:3          Orc (2/2) D:11            Elf (0/3) Orc:2
  Swamp: Lair:2-4    Shoals: Lair:2-4

Altars:
Ashenzari
Dithmenos
Elyvilon
Fedhas
Nemelex Xobeh
Qazlal
Sif Muna
Trog
Uskayaw
Vehumet
Xom
Yredelemnul
The Shining One
Beogh

Shops:
D:7 :   D:9 ?   Orc:2 :?*(?

Annotations:
Lair:1 exclusion: 2 oklob plants, Eqoawneh's ghost, journeyman GnSk; Pozxeom's ghost, journeyman GnSk


Innate Abilities, Weirdness & Mutations

You reflexively headbutt those who attack you in melee.
You have a pair of horns on your head.


Message History

Your polar bear misses Pozxeom's ghost.
Your polar bear completely misses Pozxeom's ghost.
Pozxeom's ghost hits your polar bear!
Your polar bear misses Pozxeom's ghost.
Your polar bear completely misses Pozxeom's ghost.
Your polar bear closely misses Pozxeom's ghost.
Eqoawneh's ghost hits your polar bear. Pozxeom's ghost hits your polar bear!
Your polar bear dies!
Your polar bear's corpse disappears in a puff of smoke!
You feel better.
Eqoawneh's ghost hits you but does no damage.
As you read the scroll of fear, it crumbles to dust.
You assume a fearsome visage.
Eqoawneh's ghost is unaffected. x2
Pozxeom's ghost is unaffected.
Pozxeom's ghost closely misses you. You furiously retaliate!
You headbutt Pozxeom's ghost, but do no damage.
Eqoawneh's ghost barely misses you. Eqoawneh's ghost hits you!
* * * LOW HITPOINT WARNING * * *
Eqoawneh's ghost hits you but does no damage.
Pozxeom's ghost hits you.
You die...

..+......#.....#.............#...
..#......#......#......##........
.........#.............##....#...
..+......#....>.........+.......#
##.......#.....##########.....###
.P..##.##......P######.##......#.
PP.............................#≈
|..............................#.
PP......>.......@..............#.
$P.............WWW.............#.
##..###.##.................###.#.
..#......+..####'''####.....##.#≈
..+.........#[......[}#....##..#.
.........#..#8.......8#........##
..#.........#).......:#....#P...#
..#......#..#:.......!#....#.....
..#......#..##8.....8##....##....


You could see 2 Eqoawneh's ghosts and Pozxeom's ghost.

Vanquished Creatures
  Snorg (Orc:1)
  An ettin (Orc:2)
  The ghost of Powoakku the Fighter, a novice OgWz of Yredelemnul (Lair:1)
  A hydra (Lair:3)
  A centaur warrior (Orc:2)
  Harold (D:8)
  The ghost of Cezizonopn the Grappler, a journeyman DrTm of Cheibriados (Lair:1)
  A two-headed ogre (D:11)
  An orc high priest (Orc:1)
  3 orc knights
  3 ugly things
  A cyclops (Orc:2)
  4 black mambas
  4 spiny frogs
  A gargoyle (D:11)
  2 komodo dragons (Lair:1)
  A rime drake (Lair:1)
  3 trolls
  A queen bee (D:8)
  6 blink frogs
  7 hippogriffs
  A wraith (D:10)
  23 yaks
  A vampire (D:9)
  Grum (D:8)
  2 wyverns (D:9)
  Eustachio (D:5)
  2 basilisks
  A hungry ghost (D:10)
  4 wargs
  A soldier ant (D:11)
  4 water moccasins
  10 porcupines
  Duvessa (D:7)
  31 orc warriors
  6 ogres
  5 sky beasts
  5 black bears
  5 ice beasts
  4 necrophages
  A phantom (D:4)
  12 wolves
  24 centaurs
  9 crocodiles
  17 bullfrogs
  2 big kobolds (D:10)
  A gnoll sergeant (D:9)
  A wyvern zombie (D:6)
  3 scorpions
  A wyvern skeleton (D:7)
  A water moccasin skeleton (D:4)
  18 killer bees
  3 wights (D:8)
  3 electric eels (D:10)
  2 howler monkeys
  8 crimson imps
  A centaur zombie (D:10)
  8 hounds
  9 orc priests
  3 bullfrog zombies
  14 orc wizards
  2 centaur skeletons
  6 iguanas
  6 worker ants
  4 polar bear simulacra (D:11)
  2 yak simulacra (D:11)
  3 wolf simulacra (D:11)
  A hound zombie (D:8)
  2 hound skeletons (D:10)
  4 worker ant zombies
  6 gnolls
  16 adders
  3 shadow imps
  An ooze (D:4)
  2 adder skeletons (D:9)
  2 worms (D:2)
  4 dart slugs
  4 leopard geckos
  66 orcs
  3 ball pythons
  8 giant cockroaches
  4 hobgoblins
  22 jackals
  9 kobolds
  3 quokkas
  10 bats
  4 frilled lizards
  11 goblins
  A jackal zombie (D:8)
  A leopard gecko skeleton (D:4)
  9 rats
  A river rat simulacrum (D:11)
  A fungus (D:8)
  A plant (Lair:2)
516 creatures vanquished.

Vanquished Creatures (collateral kills)
  A stone giant (Orc:1)
  A hydra (Lair:2)
  A catoblepas (Lair:2)
  A necromancer (D:11)
  An orc knight (Orc:1)
  A water moccasin (Lair:2)
  7 orc warriors
  An ogre (Orc:1)
  Dowan (D:7)
  2 crimson imps (D:7)
  2 orc priests (Orc:1)
  2 orc wizards (Orc:1)
  A hound (D:7)
  An adder (D:7)
  13 orcs (Orc:1)
  A river rat simulacrum (D:11)
37 creatures vanquished.

Vanquished Creatures (others)
  A kobold (D:10)
  31 fungi
  6 plants
38 creatures vanquished.

Grand Total: 591 creatures vanquished

Notes
Turn   | Place    | Note
-------+----------+-------------------------------------------
     0 | D:1      | soiiure the Minotaur Berserker began the quest for the Orb.
     0 | D:1      | Reached XP level 1. HP: 19/19 MP: 0/0
   174 | D:1      | Reached XP level 2. HP: 26/27 MP: 1/1
   537 | D:1      | Reached skill level 4 in Axes
   669 | D:1      | Reached ** piety under Trog
   682 | D:1      | Reached XP level 3. HP: 20/34 MP: 2/2
  1247 | D:2      | Found a basalt altar of Yredelemnul.
  1302 | D:2      | Reached skill level 5 in Fighting
  1338 | D:2      | Reached XP level 4. HP: 34/42 MP: 3/3
  1808 | D:2      | Found a deep blue altar of Sif Muna.
  2560 | D:2      | Reached skill level 5 in Axes
  2686 | D:3      | Reached XP level 5. HP: 40/50 MP: 4/4
  2719 | D:3      | Found a basalt altar of Yredelemnul.
  3451 | D:3      | Reached *** piety under Trog
  3840 | D:4      | Reached skill level 6 in Axes
  4064 | D:4      | Found a staircase to the Ecumenical Temple.
  4322 | D:4      | Noticed a phantom
  4337 | D:4      | Reached XP level 6. HP: 53/57 MP: 5/5
  4352 | D:4      | Reached skill level 7 in Axes
  4737 | D:4      | Reached XP level 7. HP: 50/64 MP: 6/6
  5010 | D:5      | Entered Level 5 of the Dungeon
  5013 | D:5      | Reached skill level 8 in Axes
  5192 | D:5      | Found a shadowy altar of Dithmenos.
  5221 | D:5      | Found a radiant altar of Vehumet.
  5282 | D:5      | Reached skill level 9 in Axes
  5942 | D:5      | Found a white marble altar of Elyvilon.
  6049 | D:5      | Reached **** piety under Trog
  6147 | D:5      | Found a shimmering altar of Xom.
  6174 | D:5      | Noticed Eustachio
  6179 | D:5      | Killed Eustachio
  6179 | D:5      | Reached skill level 10 in Axes
  6179 | D:5      | Reached XP level 8. HP: 73/73 MP: 7/7
  6364 | D:6      | Found a glowing golden altar of the Shining One.
  6751 | D:6      | Reached skill level 11 in Axes
  7074 | D:7      | Found a hide-covered altar of Uskayaw.
  7090 | D:7      | Found a stormy altar of Qazlal.
  7090 | D:7      | Found a blossoming altar of Fedhas.
  7099 | D:7      | Reached skill level 12 in Axes
  7315 | D:7      | Reached XP level 9. HP: 66/80 MP: 8/8
  7418 | D:7      | Noticed Duvessa
  7418 | D:7      | Noticed Dowan
  7421 | D:7      | Killed Dowan
  7424 | D:7      | Killed Duvessa
  7465 | D:7      | Found Eclint's Book Shop.
  7496 | D:7      | Reached skill level 13 in Axes
  8244 | D:8      | Noticed Harold
  8264 | D:8      | Killed Harold
  8264 | D:8      | Reached skill level 14 in Axes
  8371 | D:8      | Reached ***** piety under Trog
  8383 | D:8      | Reached XP level 10. HP: 51/90 MP: 9/9
  8655 | D:8      | Found a shattered altar of Ashenzari.
  8695 | D:8      | Reached skill level 15 in Axes
  8921 | D:8      | Found a staircase to the Lair.
  9084 | D:8      | Noticed Grum
  9099 | D:8      | Killed Grum
  9264 | D:8      | Found a sparkling altar of Nemelex Xobeh.
  9268 | D:8      | Received a gift from Trog
  9278 | D:8      | Got a smoking hand axe {god gift}
  9287 | D:8      | Identified the +5 hand axe of Trog's Outrage {drain, rElec
                  | Str+6 SInv Stlth-} (Trog gifted it to you on level 8 of the
                  | Dungeon)
  9725 | D:9      | Reached skill level 16 in Axes
 10045 | D:9      | Found a bloodstained altar of Trog.
 10108 | D:9      | Noticed a purple ugly thing
 10118 | D:9      | Killed a purple ugly thing
 10118 | D:9      | Reached skill level 10 in Fighting
 10310 | D:9      | Found a glowing golden altar of the Shining One.
 10319 | D:9      | Reached XP level 11. HP: 92/99 MP: 10/10
 10525 | D:9      | Found Jistese's Magic Scroll Emporium.
 10533 | D:9      | Bought a scroll of enchant armour for 105 gold pieces
 10533 | D:9      | Bought a scroll of identify for 28 gold pieces
 10533 | D:9      | Bought a scroll of remove curse for 42 gold pieces
 10604 | D:10     | Entered Level 10 of the Dungeon
 10652 | D:10     | Reached skill level 17 in Axes
 11768 | D:11     | Found a staircase to the Orcish Mines.
 11787 | D:11     | Reached skill level 18 in Axes
 11808 | D:11     | Noticed a brown ugly thing
 11817 | D:11     | Killed a brown ugly thing
 11895 | D:11     | Noticed a necromancer
 11900 | D:11     | Killed a necromancer
 12116 | D:11     | Noticed a white ugly thing
 12127 | D:11     | Killed a white ugly thing
 12155 | D:11     | Received a gift from Trog
 12195 | D:11     | Noticed a two-headed ogre
 12200 | D:11     | Killed a two-headed ogre
 12812 | Lair:1   | Entered Level 1 of the Lair of Beasts
 12825 | D:8      | Reached XP level 12. HP: 64/111 MP: 11/11
 13176 | Lair:1   | Found a runed translucent gate.
 13176 | Lair:1   | Found a runed translucent gate.
 13176 | Lair:1   | Found a runed translucent gate.
 13178 | Lair:1   | Noticed Powoakku's ghost (novice OgWz)
 13178 | Lair:1   | Noticed Eqoawneh's ghost (journeyman GnSk)
 13179 | Lair:1   | Noticed Eqoawneh's ghost (journeyman GnSk)
 13179 | Lair:1   | Noticed Cezizonopn's ghost (journeyman DrTm)
 13180 | Lair:1   | Noticed Pozxeom's ghost (journeyman GnSk)
 13606 | Lair:1   | Reached skill level 19 in Axes
 14711 | Lair:2   | Found a hide-covered altar of Uskayaw.
 14731 | Lair:2   | Noticed a four-headed hydra
 14731 | Lair:2   | Noticed a catoblepas
 14768 | Lair:2   | Killed a catoblepas
 14772 | Lair:2   | Killed a three-headed hydra
 15647 | Lair:3   | Received a gift from Trog
 15789 | Lair:3   | Reached skill level 20 in Axes
 15930 | Lair:3   | Found a hole to the Spider Nest.
 16045 | Lair:3   | Noticed an eight-headed hydra
 16057 | Lair:3   | Killed a nine-headed hydra
 16721 | Orc:1    | Entered Level 1 of the Orcish Mines
 16721 | Orc:1    | Noticed Snorg
 16738 | Orc:1    | Killed Snorg
 16738 | Orc:1    | Reached XP level 13. HP: 86/122 MP: 12/12
 17217 | Orc:1    | Found a roughly hewn altar of Beogh.
 17222 | Orc:1    | Noticed a stone giant
 17240 | Orc:1    | Killed a stone giant
 17929 | Orc:2    | Entered Level 2 of the Orcish Mines
 17929 | Orc:2    | Noticed an ettin
 17937 | Orc:2    | Killed an ettin
 18402 | Orc:2    | Found a staircase to the Elven Halls.
 18501 | Orc:2    | Reached skill level 5 in Dodging
 18502 | Orc:2    | HP: 12/187 [orc warrior/bolt (15)]
 18510 | Orc:2    | HP: 12/125 [orc warrior/bolt (3)]
 18523 | Orc:2    | HP: 11/125 [orc warrior/bolt (17)]
 19137 | Orc:2    | Found Lipnej's Antique Weapon Shop.
 19137 | Orc:2    | Found Sifin's General Store.
 19139 | Orc:2    | Found Wuyf's Magic Scroll Shoppe.
 19141 | Orc:2    | Found Cigeojed's Magic Scroll Boutique.
 19148 | Orc:2    | Bought a scroll of identify for 32 gold pieces
 19148 | Orc:2    | Bought a scroll of teleportation for 48 gold pieces
 19148 | Orc:2    | Bought a scroll of enchant armour for 120 gold pieces
 19148 | Orc:2    | Bought a scroll of teleportation for 48 gold pieces
 19148 | Orc:2    | Bought a scroll of teleportation for 48 gold pieces
 19148 | Orc:2    | Bought a scroll of remove curse for 48 gold pieces
 19148 | Orc:2    | Bought a scroll of teleportation for 48 gold pieces
 19153 | Orc:2    | Bought a scroll of silence for 90 gold pieces
 19153 | Orc:2    | Bought a scroll of remove curse for 36 gold pieces
 20007 | Orc:2    | Found Vyolit's Book Boutique.
 20482 | Orc:2    | Received a gift from Trog
 21188 | Lair:1   | Killed Cezizonopn's ghost
 21188 | Lair:1   | Reached skill level 21 in Axes
 21199 | Lair:1   | Killed Powoakku's ghost
 21203 | Lair:1   | HP: 13/187 [Eqoawneh's ghost (6)]
 21209 | Lair:1   | HP: 3/125 [Eqoawneh's ghost (17)]
 21209 | Lair:1   | Slain by Pozxeom's ghost

Levels and vault maps discovered:
D:1:      dpeg_chamrin_arrival_tetris, layout_loops_ring, st_stairs_11,
          minmay_cut_off
D:2:      minmay_angry_zag, layout_basic, old_standard_altar,
          lemuel_crystal_altar, first_ration
D:3:      layout_basic, yredelemnul_altar_generic
D:4:      layout_basic, temple_doors_e, minmay_misc_feat_x
D:5:      layout_basic, kennysheep_little_box, kennysheep_mini_moat,
          elyvilon_altar_4, xom_teletrap_fun, uniq_eustachio
D:6:      layout_loops_ring, tso_oasis_becter
D:7:      layout_basic, chequers_temple_overflow_statue_of_worship,
          serial_shops, shop_statue, uniq_duvessa
D:8:      layout_rooms, ashenzari_conservatory_becter, lemuel_crystal_altar,
          due_lair_maze_entry_diamond, david_nohive_1, uniq_harold, uniq_grum
D:9:      kennysheep_blocky_room, layout_irregular_city, trog_ov_bears_minmay,
          basic_altar, serial_shops, nicolae_shop_stone
D:10:     hangedman_cross_stitches, layout_basic
D:11:     layout_roguey, orc_0_dummy, eino_house_with_fridge
Lair:1:   layout_regular_city, gammafunk_ghost_cemetery, nzn_random_ring,
          minmay_lair_oklob_chamber
Lair:2:   layout_hall_layers, basic_altar
Lair:3:   layout_chaotic_city, dummy_spider_entry, kennysheep_catoblepas_arena
Orc:1:    layout_diamond_mine, basic_altar, uniq_snorg
Orc:2:    st_orc_rangers, layout_diamond_mine, serial_shops, shop,
          nicolae_orc_flooded_monolith

Skill      XL: |  1  2  3  4  5  6  7  8  9 10 11 12 13 |
---------------+----------------------------------------+-----
Fighting       | 4 5 6 7 8 10 12 13 14 | 14.7
Axes           | 4 5 6 7 10 12 14 16 18 20 21 | 21.0
Dodging        | 3 4 5 |  5.2
Armour         | 4 |  4.9
Throwing       | |  0.9
Stealth        | |  0.1

Action                   |  1- 3 |  4- 6 |  7- 9 | 10-12 | 13-15 || total
-------------------------+-------+-------+-------+-------+-------++-------
Melee: Hand axe          |    73 |   163 |   150 |   534 |    34 ||   954
       Headbutt          |    15 |    36 |    55 |   176 |    45 ||   327
       War axe           |       |       |    93 |    70 |       ||   163
       Battleaxe         |       |       |       |       |   184 ||   184
Throw: Stone             |    50 |    62 |    87 |   108 |    24 ||   331
       Boomerang         |       |       |       |       |    20 ||    20
Invok: Berserk           |     1 |       |     3 |     6 |     3 ||    13
       Brothers in Arms  |       |       |     1 |     3 |     9 ||    13
       Trog's Hand       |       |       |       |       |     8 ||     8
Evoke: Wand              |       |       |       |     4 |     4 ||     8
  Use: Scroll            |     3 |       |     6 |     8 |     5 ||    22
       Potion            |       |       |     5 |       |     3 ||     8
  Eat: Chunk             |     2 |    11 |    11 |    25 |    11 ||    60
       Ration            |       |       |     1 |     2 |     4 ||     7
Armor: Animal skin       |     7 |       |       |       |       ||     7
       Leather armour    |    12 |     3 |       |       |       ||    15
       Scale mail        |       |    22 |     8 |       |       ||    30
       Chain mail        |       |       |    44 |    80 |     5 ||   129
       Plate armour      |       |       |       |       |    57 ||    57
Dodge: Dodged            |    35 |    93 |   158 |   339 |   199 ||   824

Table legend:
 A = Non-vault XP
 B = Vault XP
 C = Vault XP percentage of total XP
 D = Non-vault monster count
 E = Vault monster count
 F = Vault count percentage of total count
                 A         B        C        D         E       F
            +---------+---------+-------+---------+---------+-------
      Total |   37011 |   17878 |  32.6 |     423 |     128 |  23.2
            +---------+---------+-------+---------+---------+-------
        D:1 |      50 |      10 |  16.7 |      28 |       7 |  20.0
        D:2 |      77 |      41 |  34.7 |      19 |       5 |  20.8
        D:3 |     144 |       0 |   0.0 |      27 |       0 |   0.0
        D:4 |     457 |       0 |   0.0 |      19 |       0 |   0.0
        D:5 |     607 |     188 |  23.6 |      24 |       1 |   4.0
        D:6 |     822 |       0 |   0.0 |      24 |       0 |   0.0
        D:7 |    1187 |     148 |  11.1 |      23 |       2 |   8.0
        D:8 |    1567 |    3548 |  69.4 |      25 |      27 |  51.9
        D:9 |    1695 |    1381 |  44.9 |      32 |       8 |  20.0
       D:10 |    4185 |    1158 |  21.7 |      37 |      10 |  21.3
       D:11 |    4196 |     598 |  12.5 |      25 |      12 |  32.4
     Lair:1 |    3295 |    4192 |  56.0 |      14 |      13 |  48.1
     Lair:2 |    5271 |       0 |   0.0 |      22 |       0 |   0.0
     Lair:3 |    4695 |       0 |   0.0 |      27 |       0 |   0.0
      Orc:1 |    5702 |    1162 |  16.9 |      56 |       1 |   1.8
      Orc:2 |    3061 |    5452 |  64.0 |      21 |      42 |  66.7
            +---------+---------+-------+---------+---------+-------
